 Dungeon Crawl Stone Soup version 0.29.1-15-g9cfb28693d (webtiles) character file.

Game seed: 6467174842031674551

60 Peloso the Shield-Bearer (level 3, -2/33 HPs)
             Began as a Minotaur Fighter on Apr 26, 2023.
             Splashed by a jelly's acid (3 damage)
             ... on level 6 of the Dungeon.
             The game lasted 00:02:24 (1659 turns).

Peloso the Shield-Bearer (Minotaur Fighter)         Turns: 1659, Time: 00:02:25

Health: -2/33      AC:  3    Str: 20    XL:     3   Next: 80%
Magic:  2/2        EV:  9    Int:  5    God:
Gold:   73         SH:  5    Dex: 11    Spells: 2/2 levels left

rFire   . . .      SeeInvis .   a - +0 long sword
rCold   . . .      Faith    .   c - +0 buckler
rNeg    . . .      Spirit   .   b - +0 scale mail
rPois   .          Reflect  .   (helmet restricted)
rElec   .          Harm     .   (no cloak)
rCorr   .          Rampage  .   (no gloves)
Will    .....                   (no boots)
Stlth   ..........              (no amulet)
HPRegen 0.11/turn               (no ring)
MPRegen 0.08/turn               (no ring)

@: corroded
A: horns 2, retaliatory headbutt
a: no special abilities


You were on level 6 of the Dungeon.
You visited 1 branch of the dungeon, and saw 4 of its levels.

You collected 73 gold pieces.

Inventory:

Hand Weapons
 a - a +0 long sword (weapon)
Armour
 b - a +0 scale mail (worn)
 c - a +0 buckler (worn)
Jewellery
 m - a ring of fire
Scrolls
 g - a scroll of enchant armour
 h - a scroll of brand weapon {unknown}
 i - a scroll of butterflies {unknown}
 j - a scroll of teleportation {unknown}
 k - a scroll of amnesia {unknown}
 l - a scroll of immolation {unknown}
Potions
 d - 3 potions of might
 e - a potion of curing {unknown}
 f - a potion of heal wounds


   Skills:
 + Level 4.1 Fighting
 + Level 3.0 Long Blades
 + Level 4.1 Armour
 + Level 0.4 Dodging
 + Level 4.5 Shields


You had 2 spell levels left.
You didn't know any spells.
Your spell library contained the following spells:

 Spells                   Type           Power      Damage    Failure   Level
 Sting                    Tmut/Pois      0%         1d3       88%         1
 Poisonous Vapours        Pois/Air       0%         N/A       96%         2
 Ozocubu's Armour         Ice            0%         N/A       99%         3
 Olgreb's Toxic Radiance  Pois           0%         N/A       100%        4
 Ozocubu's Refrigeration  Ice            0%         4d7       100%        7


Dungeon Overview and Level Annotations

Branches:
Dungeon (3/15)

Altars:
Trog

Annotations:
D:2 1 runed translucent door, Crazy Yiuf


Innate Abilities, Weirdness & Mutations

You have a pair of horns on your head.
You reflexively headbutt those who attack you in melee.


Message History

You see here a fuming purple potion.
Found 10 gold pieces.
A sourceless malevolence fills the Dungeon...
You fall into a shaft and drop 3 floors!
The shaft crumbles and collapses.
You hear the hiss of flowing sand.
There is an entrance to an ossuary on this level.
Hurry and find it before the portal is buried!
Found a potion of might.
d - 3 potions of might (gained 1)
You hear a distant slurping noise.
You open the door.
There is an open door here.
You hear a distant slurping noise.
You hear a distant slurping noise.
You open the door.
A jelly comes into view.
Found a book of Callings and a scroll labelled YRI GUOKUDEI.
A jelly is nearby!
A jelly is nearby!
There is an open door here.
The jelly hits you but does no damage.
You see here a book of Callings.
You hit the jelly. The acid corrodes you!
Your hands burn!
The jelly is lightly wounded.
The jelly hits you.
You are splashed with acid!
You hit the jelly but do no damage.
Your hands burn!
The jelly hits you but does no damage.
You hit the jelly but do no damage.
Your hands burn!
You block the jelly's attack.
You completely miss the jelly. You headbutt the jelly.
The jelly is moderately wounded.
You block the jelly's attack. The jelly hits you.
You are splashed with acid!
* * * LOW HITPOINT WARNING * * *
You hit the jelly. The acid corrodes you!
Your hands burn!
* * * LOW HITPOINT WARNING * * *
You headbutt the jelly!
The jelly is heavily wounded.
The jelly misses you.
You slash the jelly!
Your hands burn!
You die...

.. ... #########
....
#.......#####.....
#.###'#.......#
##.####.#### #...#
#.# #.....##'##
##...##.@.#
##.##.J...#
#.....8...+
#.##....?## #.
##...## . ##+##


You could see a jelly.

Vanquished Creatures
  An adder (D:1)
  A worm (D:2)
  A dart slug (D:2)
  4 endoplasms
  A goblin (D:2)
  6 hobgoblins
  6 jackals
  3 quokkas
  5 ball pythons
  4 bats
  A frilled lizard (D:2)
  4 kobolds
  5 rats
42 creatures vanquished.

Notes
Turn   | Place    | Note
-------+----------+-------------------------------------------
     0 | D:1      | Peloso the Minotaur Fighter began the quest for the Orb.
     0 | D:1      | Reached XP level 1. HP: 19/19 MP: 0/0
   229 | D:1      | Reached XP level 2. HP: 24/27 MP: 1/1
   650 | D:2      | Reached XP level 3. HP: 27/33 MP: 2/2
   990 | D:2      | Found a runed translucent door.
   991 | D:2      | Noticed Crazy Yiuf
  1329 | D:2      | Found a bloodstained altar of Trog.
  1638 | D:3      | You fall into a shaft and drop 3 floors!
  1658 | D:6      | HP: 1/33 [acid (1)]
  1659 | D:6      | Splashed by a jelly's acid

Illustrated notes

Levels and vault maps discovered:
D:1:      minmay_arrival_open_corners, layout_loops_cross, grunt_decor_junction
D:2:      layout_loops_ring, basic_altar, uniq_crazy_yiuf_cottage
D:3:      layout_loops_ring, shapermc_ecumenical_altar_rom_forum,
          portal_sewer_entry_b, uniq_natasha, uniq_ijyb
D:6:      layout_basic, marbit_many_paths, enter_ossuary_1,
          nicolae_hexahallways, minivault_19, uniq_maggie, uniq_pikel,
          uniq_edmund

Skill      XL: |  1  2  3 |
---------------+----------+-----
Shields        | 4 |  4.5
Fighting       | 4 |  4.1
Armour         | 4 |  4.1
Long Blades    | 3 |  3.0
Dodging        | |  0.4

Action                   || total
-------------------------++-------
Melee: Long sword        ||    93
       Headbutt          ||    20
  Use: Scroll            ||     3
Armor: Scale mail        ||    54
Dodge: Dodged            ||    58
Block: Buckler           ||    27
